Map: Chantier naval orbital

Players

Haighstrom

  • Race: Zerg Zerg
  • League: Diamond

KingKong - Winner!

  • Race: Protoss Protoss
  • League: Master

VOD

Have the link to the VOD?

Description

Time

  • Played on: Feb. 14, 2016, 11:29 a.m.
  • Length: 6:29
Show
View Real Time Build Order
Export as new Build Order

Haighstrom Zerg 

Build Orders: Hatch First 

Get SALT Encoding   

  12  0:01  Drone  
  13  0:12  Overlord  
  13  0:17  Drone  
  14  0:30  Drone x2  
  16  0:36  Drone  
  17  0:58  Hatchery  
  17  1:00  Drone  
  17  1:02  Drone  
  18  1:12  Drone  
  18  1:18  Spawning Pool  
  18  1:22  Extractor  
  18  1:23  Drone  
  18  1:28  Drone  
  19  1:38  Overlord  
  19  1:50  Drone  
  20  2:00  Drone  
  21  2:12  Queen  
  21  2:13  Queen  
  21  2:14  Zergling x2  
  26  2:16  Drone  
  26  2:21  Drone  
  28  2:23  Spore Crawler  
  27  2:30  Drone  
  27  2:32  Spore Crawler  
  27  2:37  Drone  
  27  2:38  Drone  
  29  2:44  Overlord  
  29  2:45  Drone  
  30  2:58  Drone x2  
  32  3:00  Queen  
  32  3:05  Queen  
  36  3:16  Zergling x6  
  36  3:17  Metabolic Boost  
  39  3:21  Drone  
  40  3:30  Zergling x8  
  44  3:41  Spine Crawler  
  44  3:42  Drone  
  44  3:43  Drone, Spine Crawler  
  44  3:57  Overlord  
  44  4:15  Queen x2  
  47  4:20  Zergling x10  
  47  4:22  Roach Warren, Overlord  
  51  4:26  Drone  
  52  4:40  Spore Crawler  
  51  4:47  Drone x3  
  51  4:50  Queen  
  57  5:03  Drone  
  57  5:04  Drone  
  57  5:05  Overlord  
  59  5:09  Lair  
  59  5:12  Extractor  
  59  5:13  Drone x3, Extractor  
  59  5:14  Drone x2, Extractor  
  53  5:36  Zergling x16  
  53  5:37  Zergling x6  
  62  5:45  Zergling x2  
  62  5:47  Queen  
  57  5:57  Zergling x6  
  57  5:58  Zergling x2  
Show
View Real Time Build Order
Export as new Build Order

KingKong Protoss - Winner!

Build Orders: Zealot Archon, Dark Templar Rush 

Get SALT Encoding   

  12  0:01  Probe (Chrono Boost)  
  13  0:12  Probe (Chrono Boost)  
  14  0:18  Pylon  
  14  0:22  Probe (Chrono Boost)  
  15  0:36  Probe (Chrono Boost)  
  15  0:39  Gateway  
  16  0:46  Assimilator  
  16  0:47  Probe (Chrono Boost)  
  17  0:53  Assimilator  
  17  0:57  Probe (Chrono Boost)  
  18  1:08  Probe (Chrono Boost)  
  20  1:18  Probe (Chrono Boost)  
  20  1:27  Cybernetics Core  
  20  1:29  Probe (Chrono Boost)  
  22  1:40  Probe (Chrono Boost)  
  22  1:50  Probe (Chrono Boost)  
  23  1:55  Pylon  
  23  2:03  Warp Gate (Chrono Boost)  
  23  2:11  Pylon  
  23  2:13  Zealot  
  23  2:14  Mothership Core (Chrono Boost)  
  23  2:15  Twilight Council  
  27  2:40  Zealot  
  29  2:51  Pylon  
  29  2:53  Dark Shrine  
  29  3:07  Zealot, Pylon  
  31  3:24  Gateway  
  31  3:26  Gateway  
  31  3:29  Gateway  
  31  3:33  Gateway  
  31  4:22  Dark Templar x2  
  35  4:24  Dark Templar x2  
  35  4:27  Adept  
  41  4:54  Dark Templar  
  41  4:56  Dark Templar  
  41  4:57  Zealot x3  
  51  5:02  Archon x3  
  51  5:07  Pylon  
  51  5:17  Adept x2  
  55  5:26  Adept x2  
  59  5:40  Adept x2  
  59  5:57  Adept  
  59  5:58  Adept  
  59  6:14  Adept x3  
Tags
 
Add a new tag
Caveats
  • Supply blocks, unpowered buildings, or Contaminate may cause inaccurate times.
  • Supply counts are checked every 10 seconds.